 Dungeon Crawl Stone Soup version 0.31-a0-1616-gbeaec30b81 (webtiles) character file.

Game seed: 1230032331682893251

316 James the Ruffian (level 6, 0/39 HPs)
             Began as an Octopode Shapeshifter on Jan 10, 2024.
             Slain by an ice beast (13 damage)
             ... on level 4 of the Dungeon.
             The game lasted 00:08:26 (3309 turns).

James the Ruffian (Octopode Shapeshifter)           Turns: 3309, Time: 00:08:26

Health: 0/39       AC:  1    Str: 15    XL:     6   Next: 44%
Magic:  6/6        EV: 13    Int: 13    God:
Gold:   227        SH:  0    Dex: 11    Spells: 5/5 levels left

rFire   . .          .
                       - Unarmed
rCold   . . .        (no shield)
rNeg    . . .        (helmet currently unavailable)
rPois   .            (no amulet)
rElec   .            (no ring)
rCorr   .            (no ring)
SInv    .            (no ring)
Will    .....        (no ring)
Stlth   ++           (no ring)
HPRegen 0.26/turn    (no ring)
MPRegen 0.10/turn    (no ring)
                     (no ring)

%: no passive effects
@: beast-form
A: beast (slay +2), almost no armour, amphibious, 8 rings, camouflage 1,
gelatinous body 1, (nimble swimmer 1), tentacles
a: Begin Untransformation


You were on level 4 of the Dungeon.
You were a hulking beast.
You visited 1 branch of the dungeon, and saw 4 of its levels.

You collected 227 gold pieces.

Inventory:

Hand Weapons
 j - a +0 spear
   (You found it on level 1 of the Dungeon)
 p - a +0 sling
   (You took it off a goblin on level 2 of the Dungeon)
 y - a +2 mace of holy wrath
   (You took it off an orc on level 3 of the Dungeon)
 B - the +1 orcbow of Ceac {flame, Str+2}
   (You found it on level 3 of the Dungeon)

   Str+2:     It affects your strength (+2).
Missiles
 d - 6 boomerangs (quivered)
 h - 23 stones
 z - 5 poisoned darts
Magical Staves
 k - a staff of fire
   (You found it on level 1 of the Dungeon)
Talismans
 b - a beast talisman
 c - a flux talisman
Wands
 t - a wand of flame (24)
   (You found it on level 4 of the Dungeon)
Scrolls
 e - 2 scrolls of revelation {unknown}
 m - 2 scrolls of teleportation {unknown}
 n - a scroll of fog {unknown}
 o - a scroll of vulnerability {unknown}
 u - a scroll of amnesia {unknown}
 v - a scroll of identify {unknown}
 C - a scroll of immolation {unknown}
Potions
 a - 3 potions of lignification {!q}
 f - a potion of heal wounds {unknown}
 g - 2 potions of enlightenment {unknown}
 i - 3 potions of attraction {unknown}
 l - a potion of mutation {unknown}
 q - a potion of berserk rage {unknown}
 r - a potion of ambrosia {unknown}
 s - a potion of invisibility {unknown}
 w - 2 potions of curing {unknown}
 x - a potion of haste {unknown}
 A - a potion of might {unknown}


   Skills:
 + Level 2.1 Fighting
 + Level 2.1 Dodging
 - Level 6.0 Unarmed Combat
 - Level 4.0 Shapeshifting


You had 5 spell levels left.
You didn't know any spells.
Your spell library contained the following spells:

 Spells                   Type           Power      Damage    Failure   Level
 Cigotuvi's Dreadful Rot  Necr/Alch/Air  0%         N/A       43%         2
 Ignite Poison            Fire/Alch      0%         N/A       97%         4
 Freezing Cloud           Conj/Ice/Air   0%         6-21      100%        5


Dungeon Overview and Level Annotations

Branches:
Dungeon (4/15)
 Temple: D:4-7

Altars:
Kikubaaqudgha

Annotations:
D:2 1 exclusion


Innate Abilities, Weirdness & Mutations

You are a hulking beast.
Your limbs bulge with bestial killing power. (Slay +2)
You cannot wear most types of armour.
You are amphibious.
You can wear up to eight rings at the same time.
Your skin changes colour to match your surroundings (Stealth+).
Your rubbery body absorbs attacks. (AC +1, EV +1)
((You are camouflaged when in or above water. (Stealth+)))
You have tentacles for arms and can constrict up to eight enemies at once.


Message History

Training target 6.0 for Unarmed Combat reached!
Your Unarmed Combat skill increases to level 6!
You need to enable at least one skill for training.
Unknown command.
You tentacle-slap the hobgoblin. You grab the hobgoblin.
You squeeze the hobgoblin.
You kill the hobgoblin!
There is a stone staircase leading down here.
You start resting.
You climb downwards.
There is a stone staircase leading up, spattered with blood here.
Okay, then.
Unknown command.
Found a stone staircase leading up.
A - a grey potion
t - a wand of flame (25)
B - the +1 orcbow of Ceac {flame, Str+2}
Found a scroll labelled FOHIH XOOWK.
Found a falchion.
There is a stone staircase leading up here.
Found a tapered bronze wand.
C - a scroll labelled FOHIH XOOWK A scorpion, an ogre and an ice beast come into view.
There is a stone staircase leading up here.
Press: ? - help, Shift-Dir - straight line, f - ice beast
Aim: an ice beast (68% to hit)
The puff of flame hits the ice beast.
The ice beast melts!
Throw: 6 boomerangs
Press: ? - help, Q - select action, (/) - cycle Shift-Dir - straight line, f/p - ice beast
Aim: an ice beast (lightly wounded, 57% to hit)
You throw a boomerang.
The boomerang hits the ice beast but does no damage.
You closely miss the ice beast. You barely miss the ice beast.
You squeeze the ice beast, but do no damage.
The ice beast barely misses you.
You tentacle-slap the ice beast.
You tentacle-slap the ice beast, but do no damage.
The ice beast hits you but does no damage.
You tentacle-slap the ice beast but do no damage.
The ice beast hits you. The ice beast freezes you!
You tentacle-slap the ice beast. The ice beast hits you.
The ice beast freezes you!
* * * LOW HITPOINT WARNING * * *
You tentacle-slap the ice beast. Your squeeze misses the ice beast.
The ice beast barely misses you.
You barely miss the ice beast. The ice beast hits you.
* * * LOW HITPOINT WARNING * * *
The ice beast freezes you!
You die...

.......#.8#8.....
#....#)#....# .....
....##...8#8...# .....
....#.........#
##....##.............# .
#....#...##.##.......#..
#...... ###...........#
#.....###.#....Y.....##
#....##.......h......#
#.<....>............#
#.............##...##
#.............###..#
#..............# ...#
#....................
#.............#..# ..
#........>######..#
............ ...


You could see an ice beast.

Vanquished Creatures
  An orc priest (D:3)
  A hound (D:3)
  A sleepcap (D:3)
  Natasha (thrice) (D:3)
  4 gnolls
  2 adders (D:3)
  3 dart slugs (D:3)
  4 orcs (D:3)
  5 ball pythons
  8 endoplasms
  6 giant cockroaches
  3 goblins
  6 hobgoblins
  13 jackals
  6 quokkas
  5 bats
  2 frilled lizards
  3 kobolds
  9 rats
85 creatures vanquished.

Notes
Turn   | Place    | Note
-------+----------+-------------------------------------------
     0 | D:1      | James the Octopode Shapeshifter began the quest for the
                  | Orb.
     0 | D:1      | Reached XP level 1. HP: 13/13 MP: 1/1
    30 | D:1      | Reached XP level 2. HP: 18/18 MP: 2/2
   100 | D:1      | Reached skill level 4 in Unarmed Combat
   209 | D:1      | Reached XP level 3. HP: 17/23 MP: 3/3
   834 | D:2      | Found a faded altar of an unknown god.
  1178 | D:2      | Reached XP level 4. HP: 28/28 MP: 4/4
  1565 | D:2      | Reached skill level 5 in Unarmed Combat
  1767 | D:3      | Identified the +1 orcbow of Ceac {flame, Str+2}
  1777 | D:3      | Found an ancient bone altar of Kikubaaqudgha.
  1877 | D:3      | Found the +0 toga "Victory" {*Victory Clar}
  1924 | D:3      | Reached XP level 5. HP: 34/34 MP: 5/5
  2477 | D:3      | Noticed Natasha
  2486 | D:3      | Killed Natasha
  2487 | D:3      | Reached XP level 6. HP: 8/39 MP: 6/6
  2833 | D:3      | Found an ancient bone altar of Kikubaaqudgha.
  2935 | D:3      | Noticed Natasha
  2942 | D:3      | Killed Natasha
  3193 | D:3      | Noticed Natasha
  3197 | D:3      | Killed Natasha
  3250 | D:3      | Reached skill level 6 in Unarmed Combat
  3291 | D:4      | Noticed an ice beast
  3309 | D:4      | Slain by an ice beast

Illustrated notes

Levels and vault maps discovered:
D:1:      giann_bridges, layout_basic
D:2:      layout_basic, hellmonk_ecumenical_altar_arch_garden,
          due_unseen_surprise
D:3:      minmay_chambers_of_twos, layout_rooms, kiku_gazebo_garden_becter,
          uniq_natasha
D:4:      layout_cave_pools, dk_yredelemnul_ordeal, tgw_trog,
          minmay_statues_item

Skill      XL: |  1  2  3  4  5  6 |
---------------+-------------------+-----
Unarmed Combat | 4 5 6 |  6.0
Fighting       | 2 |  2.1
Shapeshifting  | 4 |  4.0
Dodging        | |  2.1

Action                     |  1- 3 |  4- 6 || total
---------------------------+-------+-------++-------
  Melee: Unarmed           |    66 |    95 ||   161
         Constrict         |    19 |    25 ||    44
         Tentacles         |     9 |    26 ||    35
         Punch             |     3 |     5 ||     8
  Throw: Boomerang         |       |     2 ||     2
  Evoke: Wand              |       |     1 ||     1
   Stab: Sleeping          |     5 |     5 ||    10
 Armour: Skin              |    18 |    46 ||    64
  Dodge: Dodged            |    22 |    38 ||    60

Table legend: (Time is in decaauts)
 A = Elapsed time spent in this place.
 B = Non-inter-level travel time spent in this place.
 C = Inter-level travel time spent in this place.
 D = Time resting spent in this place.
 E = Time spent auto-exploring this place.
 F = Levels seen in this place.
 G = Mean time per level.
                   A        B        C        D        E       F      G
               +--------+--------+--------+--------+--------+-----+--------+
         Total |   3295 |   3113 |    182 |    232 |   2030 |   4 |  823.8 |
       Dungeon |   3295 |   3113 |    182 |    232 |   2030 |   4 |  823.8 |
               +--------+--------+--------+--------+--------+-----+--------+

Top non-repeatable levels by time:
     D:3: 1461 daAuts
     D:2: 1028 daAuts
     D:1: 758 daAuts
     D:4: 46 daAuts
